 Dungeon Crawl Stone Soup version 0.16.2-2-g470672f (webtiles) character file.

177 Misdraevus the Sneak (level 5, -1/36 HPs)
             Began as an Octopode Assassin on Aug 20, 2015.
             Slain by a gnoll
             ... wielding a +0 whip
              (4 damage)
             ... on level 4 of the Dungeon.
             The game lasted 00:20:54 (3120 turns).

Misdraevus the Sneak (Octopode Assassin)            Turns: 3120, Time: 00:20:54

Health: -1/36      AC:  1    Str: 10    XL:     5   Next: 57%
Magic:  5/5        EV: 12    Int: 14    God:
Gold:   140        SH:  0    Dex: 14    Spells: 0 memorised, 4 levels left

rFire  . . .     SeeInvis .     i - +0 whip (drain)
rCold  . . .     Clarity  .     (no shield)
rNeg   . . .     SustAb   .     (helmet restricted)
rPois  .         Gourm    .     (no amulet)
rElec  .         Spirit   .     (no ring)
rCorr  .         Warding  .     (no ring)
rMut   .         Stasis   .     (no ring)
MR     .....                    (no ring)
Stlth  ++++++....               (no ring)
                                (no ring)
                                (no ring)
                                (no ring)

@: not resistant to hostile enchantments, very stealthy
A: almost no armour, amphibious, 8 rings, constrict 8, camouflage 1, gelatinous
body 1
a: no special abilities


You were on level 4 of the Dungeon.
You were not hungry.

You visited 1 branch of the dungeon, and saw 4 of its levels.

You collected 140 gold pieces.

Inventory:

Hand weapons
 a - a +2 dagger
 b - a +0 blowgun
 i - a +0 whip of draining (weapon)
 l - a +0 hand axe of chopping
 u - a +0 great mace
Missiles
 e - 12 poisoned needles
 f - 2 curare-tipped needles
 w - 11 bolts of frost
Jewellery
 c - an uncursed ring of ice {unknown}
 h - an uncursed ring of ice {unknown}
Magical devices
 v - a wand of digging (6)
 y - a wand of slowing (22)
Scrolls
 j - 4 scrolls of identify {unknown}
 m - a scroll of enchant weapon {unknown}
 q - 2 scrolls of blinking {unknown}
 r - a scroll of teleportation {unknown}
 s - a scroll of remove curse {unknown}
Potions
 k - 2 potions of cancellation {unknown}
 o - a potion of magic {unknown}
 p - a potion of curing {unknown}
 t - a potion of invisibility {unknown}
 x - a potion of agility {unknown}
Comestibles
 d - 5 fruits
 g - 2 bread rations
 n - a slice of pizza


   Skills:
 + Level 2.8 Fighting
 + Level 2.0 Short Blades
 + Level 1.0 Maces & Flails
 + Level 2.1 Throwing
 + Level 2.1 Dodging
 + Level 7.9 Stealth


You had 4 spell levels left.
You didn't know any spells.

Dungeon Overview and Level Annotations

Branches:
Dungeon (4/15)
 Temple: D:4-7

Altars:


Innate Abilities, Weirdness & Mutations

You cannot wear most types of armour.
You are amphibious.
You can wear up to eight rings at the same time.
You can use your tentacles to constrict many enemies at once.
Your skin changes colour to match your surroundings (Stealth).
Your rubbery body absorbs attacks (AC +1).


Message History

A gnoll comes into view. It is wielding a flail of protection.
The jackal misses you.
You closely miss the jackal. Your grab misses the jackal.
Your squeeze misses the jackal. The jackal bites you. The jackal bites you.
You barely miss the jackal. Your grab misses the jackal.
You squeeze the jackal.
The jackal is moderately wounded.
The jackal closely misses you.
You hit the jackal. Your grab misses the jackal.
The jackal is heavily wounded.
The jackal bites you. The gnoll hits you with a whip. The jackal bites you.
The gnoll shouts!
You hit the jackal.
You kill the jackal!
The gnoll hits you with a whip!
* * * LOW HITPOINT WARNING * * *
You hit the gnoll. You grab the gnoll. You squeeze the gnoll.
The gnoll is heavily wounded.
You constrict the gnoll. The gnoll hits you with a whip.
You die...

# . # .. # ##.K # #.. # #.#
##########.######################
...........)...÷÷................
≈h≈≈≈≈≈≈....≈≈≈g≈≈≈≈≈≈≈≈)≈≈≈≈≈≈..
≈≈≈≈≈≈≈≈....≈≈≈≈@≈≈≈≈≈≈≈≈≈≈≈≈≈≈..
≈≈≈≈≈≈≈≈....≈††≈≈≈≈≈≈≈≈≈#####≈≈..
............g...........#ggg#≈≈..
########''''#############...#≈≈P.
#..O.# #h###≈≈.. #.g.)# ..#.≈≈≈..
#...)# .###.≈≈≈.. #....# #
#.≈≈≈.. #....# #.≈≈≈..


You could see an ogre and 2 gnolls.

Vanquished Creatures
  An iguana (D:4)
  Ijyb (D:2)
  6 gnolls (D:4)
  A worm (D:3)
  An adder skeleton (D:4)
  A giant gecko (D:1)
  2 oozes
  An orc (D:4)
  5 bats
  A giant cockroach (D:1)
  6 goblins
  3 hobgoblins
  18 jackals (D:4)
  A quokka (D:2)
  3 giant newts (D:1)
  9 kobolds
  3 rats
  A plant (D:4)
64 creatures vanquished.

Notes
Turn   | Place    | Note
--------------------------------------------------------------
     0 | D:1      | Misdraevus, the Octopode Assassin, began the quest for the Orb.
     0 | D:1      | Reached XP level 1. HP: 14/14 MP: 1/1
   289 | D:1      | Reached XP level 2. HP: 17/19 MP: 2/2
   417 | D:1      | Reached skill level 6 in Stealth
  1181 | D:1      | Reached XP level 3. HP: 20/24 MP: 3/3
  1223 | D:2      | Noticed Ijyb
  1238 | D:2      | Killed Ijyb
  1238 | D:2      | Reached skill level 7 in Stealth
  2098 | D:3      | Reached XP level 4. HP: 25/29 MP: 4/4
  2778 | D:4      | Reached XP level 5. HP: 16/35 MP: 5/5
  2942 | D:4      | Reached skill level 1 in Maces & Flails
  2954 | D:4      | Noticed an ogre
  3120 | D:4      | Slain by a gnoll

Action                   |  1- 3 |  4- 6 || total
-------------------------+-------+-------++-------
Melee: Whip              |    63 |    93 ||   156
       Dagger            |     2 |       ||     2
 Stab: Sleeping          |    10 |     2 ||    12
       Distracted        |       |     1 ||     1
  Eat: Meat ration       |     1 |       ||     1
       Fruit             |       |     2 ||     2
